| TOP OF THE 1ST |
|
Dunedin Blue Jays batting - Pitching for Fort Myers Palms : RHP Mark Jacob
|
|
Pitching: RHP Mark Jacob
|
|
|
Batting: SHB Albert Hall
|
0-0: Ball 1-0: Ground out U3 (Groundball, 3S, EV 81.9 MPH)
|
|
Batting: LHB Ray Cosey
|
0-0: Fly out, F7 (Flyball, 7S, EV 94.4 MPH)
|
|
Batting: RHB Dale Berra
|
0-0: Fly out, F9 (Flyball, 9S, EV 89.4 MPH)
|
| Top of the 1st over - 0 runs, 0 hits, 0 errors, 0 left on base; Dunedin 0 - Fort Myers 0 |
| BOTTOM OF THE 1ST |
|
Fort Myers Palms batting - Pitching for Dunedin Blue Jays : LHP Dennis Powell
|
|
Pitching: LHP Dennis Powell
|
|
|
Batting: RHB Jay Greb
|
0-0: Ball 1-0: Called Strike 1-1: Foul Ball, location: 2F 1-2: Foul Ball, location: 2F 1-2: Foul Ball, location: 2F 1-2: Strikes out swinging
|
|
Batting: RHB Johnny Evans
|
0-0: Called Strike 0-1: Foul Ball, location: 2F 0-2: Ball 1-2: Ball 2-2: DOUBLE (Line Drive, 5D, EV 96.3 MPH)
|
|
Batting: RHB Lindon Duncan
|
0-0: Ball 1-0: Ball 2-0: Called Strike 2-1: Swinging Strike 2-2: Ball 3-2: Foul Ball, location: 2F 3-2: Base on Balls
|
|
Batting: RHB Matt Sinatro
|
0-0: Ball 1-0: Ball 2-0: Fly out, F8 (Flyball, 8LD, EV 91.3 MPH)
|
|
Batting: RHB Carl Nichols
|
0-0: SINGLE (Groundball, 4MD, EV 101.9 MPH) Johnny Evans to third Lindon Duncan to second
|
|
Batting: LHB Arthur Carlisi
|
0-0: SINGLE (Line Drive, 8LS, EV 107.5 MPH) Johnny Evans scores Lindon Duncan to third Carl Nichols to second Runner from 3rd tries for Home, SAFE, throw by CF to home
|
|
Batting: LHB Edgar Quintanilla
|
0-0: Ball 1-0: Ball 2-0: Ball 3-0: Called Strike 3-1: SINGLE (Groundball, 34D, EV 103.1 MPH) Carl Nichols to third Arthur Carlisi to second Runner from 3rd tries for Home, SAFE, throw by RF to home
|
|
Batting: RHB Jim Bishop
|
0-0: Called Strike 0-1: Foul Ball, location: 2F 0-2: Ball 1-2: Ball 2-2: Fly out, F9 (Flyball, 9D, EV 105.0 MPH)
|
| Bottom of the 1st over - 3 runs, 4 hits, 0 errors, 2 left on base; Dunedin 0 - Fort Myers 3 |
| TOP OF THE 2ND |
|
Dunedin Blue Jays batting - Pitching for Fort Myers Palms : RHP Mark Jacob
|
|
Batting: LHB Gary Fulton
|
0-0: Ball 1-0: Called Strike 1-1: Foul Ball, location: 2F 1-2: Foul Ball, location: 2F 1-2: Ball 2-2: Ball 3-2: Ground out 4-3 (Groundball, 4S, EV 77.5 MPH)
|
|
Batting: RHB Wil Culmer
|
0-0: Ball 1-0: Ball 2-0: Foul Ball, location: 2F 2-1: Foul Ball, location: 2F 2-2: Ground out 6-3 (Groundball, 6M, EV 81.3 MPH)
|
|
Batting: RHB Randy Lavigne
|
0-0: Ball 1-0: SINGLE (Line Drive, 9S, EV 98.8 MPH)
|
|
Batting: RHB Dann Bilardello
|
0-0: Ball 1-0: Called Strike 1-1: SINGLE (Groundball, 6M, EV 98.8 MPH) Randy Lavigne to second Runner from 2nd tries for 3rd, SAFE, no throw by CF
|
|
Batting: RHB Scott Richartz
|
0-0: Called Strike 0-1: Fly out, F9 (Flyball, 9LM, EV 86.9 MPH)
|
| Top of the 2nd over - 0 runs, 2 hits, 0 errors, 2 left on base; Dunedin 0 - Fort Myers 3 |
| BOTTOM OF THE 2ND |
|
Fort Myers Palms batting - Pitching for Dunedin Blue Jays : LHP Dennis Powell
|
|
Batting: SHB Porter Wyatt
|
0-0: Called Strike 0-1: Ball 1-1: Ball 2-1: Swinging Strike 2-2: Ground out U3 (Groundball, 3S, EV 91.3 MPH)
|
|
Batting: RHB Jay Greb
|
0-0: Ball 1-0: Ball 2-0: Foul Ball, location: 2F 2-1: Ground out 6-3 (Groundball, 6S, EV 68.8 MPH)
|
|
Batting: RHB Johnny Evans
|
0-0: Ball 1-0: SINGLE (Line Drive, 3D, EV 96.3 MPH)
|
|
Batting: RHB Lindon Duncan
|
0-0: Called Strike 0-1: Swinging Strike 0-2: Foul Ball, location: 2F 0-2: Foul Ball, location: 2F 0-2: Ball 1-2: Fielders Choice at 2nd, 5-4 (Groundball, 5, EV 91.9 MPH)
|
| Bottom of the 2nd over - 0 runs, 1 hit, 0 errors, 1 left on base; Dunedin 0 - Fort Myers 3 |
| TOP OF THE 3RD |
|
Dunedin Blue Jays batting - Pitching for Fort Myers Palms : RHP Mark Jacob
|
|
Batting: RHB Tony Walker
|
0-0: Ball 1-0: Called Strike 1-1: Foul Ball, location: 2F 1-2: Strikes out swinging
|
|
Batting: SHB Albert Hall
|
0-0: Ball 1-0: Foul Ball, location: 2F 1-1: Called Strike 1-2: SINGLE (Groundball, 4, EV 96.9 MPH)
|
|
Batting: LHB Ray Cosey
|
0-0: Ball Albert Hall is caught stealing 2nd base 2-6 1-0: Ball 2-0: Swinging Strike 2-1: Fly out, F7 (Flyball, 7D, EV 91.3 MPH)
|
| Top of the 3rd over - 0 runs, 1 hit, 0 errors, 0 left on base; Dunedin 0 - Fort Myers 3 |
| BOTTOM OF THE 3RD |
|
Fort Myers Palms batting - Pitching for Dunedin Blue Jays : LHP Dennis Powell
|
|
Batting: RHB Matt Sinatro
|
0-0: Ground out 5-3 (Groundball, 56S, EV 68.1 MPH)
|
|
Batting: RHB Carl Nichols
|
0-0: Foul Ball, location: 2F 0-1: Foul Ball, location: 2F 0-2: Strikes out swinging
|
|
Batting: LHB Arthur Carlisi
|
0-0: Called Strike 0-1: Ball 1-1: Ball 2-1: Swinging Strike 2-2: Foul Ball, location: 2F 2-2: Ball 3-2: Ground out 4-3 (Groundball, 34, EV 95.6 MPH)
|
| Bottom of the 3rd over - 0 runs, 0 hits, 0 errors, 0 left on base; Dunedin 0 - Fort Myers 3 |
| TOP OF THE 4TH |
|
Dunedin Blue Jays batting - Pitching for Fort Myers Palms : RHP Mark Jacob
|
|
Batting: RHB Dale Berra
|
0-0: Called Strike 0-1: Ball 1-1: Ball 2-1: Ground out 3-1 (Groundball, 34S, EV 83.1 MPH)
|
|
Batting: LHB Gary Fulton
|
0-0: Ball 1-0: Foul Ball, location: 2F 1-1: Foul Ball, location: 2F 1-2: Ball 2-2: SINGLE (Flyball, 78S, EV 85.0 MPH)
|
|
Batting: RHB Wil Culmer
|
0-0: Called Strike Gary Fulton steals 2nd base 0-1: Ball 1-1: Ball 2-1: Ball Passed Ball! Gary Fulton to third 3-1: Base on Balls
|
|
Batting: RHB Randy Lavigne
|
0-0: Fielders Choice at 2nd, 6-4 (Groundball, 6, EV 90.6 MPH) Gary Fulton scores
|
|
Batting: RHB Dann Bilardello
|
0-0: Swinging Strike 0-1: SINGLE (Line Drive, 7S, EV 100.0 MPH) Randy Lavigne to second
|
|
Batting: RHB Scott Richartz
|
0-0: Foul Ball, location: 2F 0-1: Fly out, F7 (Flyball, 7LM, EV 82.5 MPH)
|
| Top of the 4th over - 1 run, 2 hits, 0 errors, 2 left on base; Dunedin 1 - Fort Myers 3 |
| BOTTOM OF THE 4TH |
|
Fort Myers Palms batting - Pitching for Dunedin Blue Jays : LHP Dennis Powell
|
|
Batting: LHB Edgar Quintanilla
|
0-0: Ball 1-0: Swinging Strike 1-1: Ball 2-1: Called Strike 2-2: Strikes out swinging
|
|
Batting: RHB Jim Bishop
|
0-0: Swinging Strike 0-1: Ball 1-1: Ball 2-1: Foul Ball, location: 2F 2-2: SINGLE (Flyball, 8RS, EV 87.5 MPH)
|
|
Batting: SHB Porter Wyatt
|
0-0: Ball 1-0: Swinging Strike 1-1: Ball 2-1: Foul Ball, location: 2F 2-2: Ball 3-2: Ground out 1-3 (Groundball, 13S, EV 72.5 MPH) Jim Bishop to second
|
|
Batting: RHB Jay Greb
|
0-0: Ball 1-0: Ball 2-0: Foul Ball, location: 2F 2-1: Foul Ball, location: 2F 2-2: Ball 3-2: Ground out 6-3 (Groundball, 6, EV 83.8 MPH)
|
| Bottom of the 4th over - 0 runs, 1 hit, 0 errors, 1 left on base; Dunedin 1 - Fort Myers 3 |
| TOP OF THE 5TH |
|
Dunedin Blue Jays batting - Pitching for Fort Myers Palms : RHP Mark Jacob
|
|
Batting: RHB Tony Walker
|
0-0: Ball 1-0: Ball 2-0: SINGLE (Groundball, 25, EV 68.8 MPH) (infield hit)
|
|
Batting: SHB Albert Hall
|
0-0: Ball 1-0: Ball 2-0: Swinging Strike 2-1: Swinging Strike 2-2: Ball Tony Walker steals 2nd base 3-2: Reached via error on a dropped throw from SS, E3 (Groundball, 6, EV 90.6 MPH) Tony Walker to third
|
|
Batting: LHB Ray Cosey
|
0-0: DOUBLE (Line Drive, 78D, EV 106.9 MPH) Tony Walker scores Albert Hall to third Runner from 3rd tries for Home, throw by LF and OUT! 7-6-2 Ray Cosey to third
|
|
Batting: RHB Dale Berra
|
0-0: Ball 1-0: Fly out, F7 (Flyball, 7LS, EV 93.8 MPH)
|
|
Batting: LHB Gary Fulton
|
0-0: Ball 1-0: Foul Ball, location: 2F 1-1: Foul Ball, location: 2F 1-2: Fly out, F3 (Flyball, 34D, EV 86.3 MPH)
|
| Top of the 5th over - 1 run, 2 hits, 1 error, 1 left on base; Dunedin 2 - Fort Myers 3 |
| BOTTOM OF THE 5TH |
|
Fort Myers Palms batting - Pitching for Dunedin Blue Jays : LHP Dennis Powell
|
|
Batting: RHB Johnny Evans
|
0-0: Foul Ball, location: 2F 0-1: Ball 1-1: Ball 2-1: Called Strike 2-2: Strikes out swinging
|
|
Batting: RHB Lindon Duncan
|
0-0: Foul Ball, location: 2F 0-1: Ball 1-1: Ball 2-1: Foul Ball, location: 2F 2-2: Fly out, F2 (Popup, 23F, EV 88.8 MPH)
|
|
Batting: RHB Matt Sinatro
|
0-0: Ball 1-0: Swinging Strike 1-1: Ball 2-1: Swinging Strike 2-2: Strikes out swinging
|
| Bottom of the 5th over - 0 runs, 0 hits, 0 errors, 0 left on base; Dunedin 2 - Fort Myers 3 |
| TOP OF THE 6TH |
|
Dunedin Blue Jays batting - Pitching for Fort Myers Palms : RHP Mark Jacob
|
|
Batting: RHB Wil Culmer
|
0-0: Ball 1-0: Called Strike 1-1: Ball 2-1: Swinging Strike 2-2: Ball 3-2: Base on Balls
|
|
Batting: RHB Randy Lavigne
|
0-0: Ball 1-0: SINGLE (Line Drive, 6D, EV 99.4 MPH) Wil Culmer to second
|
|
Batting: RHB Dann Bilardello
|
0-0: Ball 1-0: Called Strike 1-1: Foul Ball, location: 2F 1-2: DOUBLE (Line Drive, 9LM, EV 113.8 MPH) Wil Culmer scores Randy Lavigne to third
|
|
Batting: RHB Scott Richartz
|
0-0: Called Strike 0-1: Ball 1-1: Ball 2-1: Called Strike 2-2: Foul Ball, location: 2F 2-2: Fly out, F7 (Flyball, 7D, EV 84.4 MPH) Runner from 3rd tags up, SCORES, no throw by LF Dann Bilardello to third
|
|
Batting: RHB Tony Walker
|
0-0: Ball 1-0: Foul Ball, location: 2F 1-1: Called Strike 1-2: Fly out, F7 (Flyball, 7D, EV 91.3 MPH) Runner from 3rd tags up, SCORES, throw by LF
|
|
Pitching: RHP Zac Paris
|
|
|
Batting: SHB Albert Hall
|
0-0: Ground out 4-3 (Groundball, 4, EV 78.8 MPH)
|
| Top of the 6th over - 3 runs, 2 hits, 0 errors, 0 left on base; Dunedin 5 - Fort Myers 3 |
| BOTTOM OF THE 6TH |
|
Fort Myers Palms batting - Pitching for Dunedin Blue Jays : LHP Dennis Powell
|
|
Batting: RHB Carl Nichols
|
0-0: Called Strike 0-1: Foul Ball, location: 2F 0-2: Foul Ball, location: 2F 0-2: Ball 1-2: Ball 2-2: Ball 3-2: Strikes out swinging
|
|
Batting: LHB Arthur Carlisi
|
0-0: Foul Ball, location: 2F 0-1: Ball 1-1: Swinging Strike 1-2: Fly out, F8 (Flyball, 78S, EV 86.9 MPH)
|
|
Batting: LHB Edgar Quintanilla
|
0-0: Ground out 6-3 (Groundball, 6, EV 85.6 MPH)
|
| Bottom of the 6th over - 0 runs, 0 hits, 0 errors, 0 left on base; Dunedin 5 - Fort Myers 3 |
| TOP OF THE 7TH |
|
Dunedin Blue Jays batting - Pitching for Fort Myers Palms : RHP Zac Paris
|
|
Batting: LHB Ray Cosey
|
0-0: Fly out, F8 (Flyball, 78D, EV 101.9 MPH)
|
|
Batting: RHB Dale Berra
|
0-0: Ball 1-0: Fly out, F8 (Flyball, 8RS, EV 72.5 MPH)
|
|
Batting: LHB Gary Fulton
|
0-0: Foul Ball, location: 2F 0-1: Fly out, F8 (Flyball, 8RD, EV 93.8 MPH)
|
| Top of the 7th over - 0 runs, 0 hits, 0 errors, 0 left on base; Dunedin 5 - Fort Myers 3 |
| BOTTOM OF THE 7TH |
|
Fort Myers Palms batting - Pitching for Dunedin Blue Jays : LHP Dennis Powell
|
|
Batting: RHB Jim Bishop
|
0-0: Ball 1-0: Ball 2-0: Swinging Strike 2-1: Ball 3-1: Foul Ball, location: 2F 3-2: Base on Balls
|
|
Batting: SHB Porter Wyatt
|
0-0: Swinging Strike 0-1: Ball 1-1: Grounds into double play, 1-4-3 (Groundball, P, EV 68.1 MPH)
|
|
Batting: RHB Jay Greb
|
0-0: SINGLE (Flyball, 56D, EV 95.6 MPH)
|
|
Batting: RHB Johnny Evans
|
0-0: Ball 1-0: Foul Ball, location: 2F 1-1: Foul Ball, location: 2F 1-2: Fly out, F8 (Line Drive, 8LD, EV 89.4 MPH)
|
| Bottom of the 7th over - 0 runs, 1 hit, 0 errors, 1 left on base; Dunedin 5 - Fort Myers 3 |
| TOP OF THE 8TH |
|
Dunedin Blue Jays batting - Pitching for Fort Myers Palms : RHP Zac Paris
|
|
Batting: RHB Wil Culmer
|
0-0: Foul Ball, location: 2F 0-1: Called Strike 0-2: SINGLE (Line Drive, 6M, EV 104.4 MPH)
|
|
Batting: RHB Randy Lavigne
|
0-0: Called Strike 0-1: Ball 1-1: SINGLE (Line Drive, 7LS, EV 100.6 MPH) Wil Culmer to second
|
|
Batting: RHB Dann Bilardello
|
0-0: Ball 1-0: Ball 2-0: Fly out, F4 (Popup, 4S, EV 66.9 MPH)
|
|
Batting: RHB Scott Richartz
|
0-0: Ball 1-0: Foul Ball, location: 2F 1-1: Ball 2-1: Ball 3-1: Base on Balls Wil Culmer to third Randy Lavigne to second
|
|
Batting: RHB Tony Walker
|
0-0: Swinging Strike 0-1: Ball 1-1: Foul Ball, location: 2F 1-2: Ball 2-2: Grounds into fielders choice 3-2 (Groundball, 34S, EV 75.6 MPH) Randy Lavigne to third Scott Richartz to second
|
|
Batting: SHB Albert Hall
|
0-0: Ball 1-0: Ball 2-0: SINGLE (Line Drive, 34D, EV 95.0 MPH) Randy Lavigne scores Scott Richartz to third Tony Walker to second
|
|
Batting: LHB Ray Cosey
|
0-0: Ball 1-0: Foul Ball, location: 2F 1-1: Swinging Strike 1-2: Foul Ball, location: 2F 1-2: Ball 2-2: Strikes out swinging
|
| Top of the 8th over - 1 run, 3 hits, 0 errors, 3 left on base; Dunedin 6 - Fort Myers 3 |
| BOTTOM OF THE 8TH |
|
Fort Myers Palms batting - Pitching for Dunedin Blue Jays : LHP Dennis Powell
|
|
Batting: RHB Lindon Duncan
|
0-0: Called Strike 0-1: Ball 1-1: Ball 2-1: Foul Ball, location: 2F 2-2: Ball 3-2: Base on Balls
|
|
Batting: RHB Matt Sinatro
|
0-0: Swinging Strike 0-1: Ball 1-1: Grounds into double play, 6-4-3 (Groundball, 6, EV 85.6 MPH)
|
|
Batting: RHB Carl Nichols
|
0-0: Called Strike 0-1: Ball 1-1: Fly out, F4 (Popup, 4, EV 60.6 MPH)
|
| Bottom of the 8th over - 0 runs, 0 hits, 0 errors, 0 left on base; Dunedin 6 - Fort Myers 3 |
| TOP OF THE 9TH |
|
Dunedin Blue Jays batting - Pitching for Fort Myers Palms : RHP Zac Paris
|
|
Pitching: RHP David Thornton
|
|
|
Batting: RHB Dale Berra
|
0-0: Called Strike 0-1: Ball 1-1: Foul Ball, location: 2F 1-2: Fly out, F8 (Flyball, 8RXD, EV 100.6 MPH)
|
|
Batting: LHB Gary Fulton
|
0-0: Fly out, F8 (Flyball, 8LD, EV 87.5 MPH)
|
|
Batting: RHB Wil Culmer
|
0-0: Called Strike 0-1: Called Strike 0-2: Ball 1-2: Strikes out swinging
|
| Top of the 9th over - 0 runs, 0 hits, 0 errors, 0 left on base; Dunedin 6 - Fort Myers 3 |
| BOTTOM OF THE 9TH |
|
Fort Myers Palms batting - Pitching for Dunedin Blue Jays : LHP Dennis Powell
|
|
Batting: LHB Arthur Carlisi
|
0-0: Ball 1-0: Foul Ball, location: 2F 1-1: Ball 2-1: Foul Ball, location: 2F 2-2: Foul Ball, location: 2F 2-2: Ball 3-2: Base on Balls
|
|
Batting: LHB Edgar Quintanilla
|
0-0: Foul Ball, location: 2F 0-1: Ball 1-1: Fly out, F8 (Flyball, 8LS, EV 85.6 MPH)
|
|
Batting: RHB Jim Bishop
|
0-0: Called Strike 0-1: Foul Ball, location: 2F 0-2: Ball 1-2: Foul Ball, location: 2F 1-2: Ball 2-2: Foul Ball, location: 2F 2-2: Foul Ball, location: 2F 2-2: Foul Ball, location: 2F 2-2: Ball 3-2: DOUBLE (Line Drive, 7LM, EV 108.8 MPH) Arthur Carlisi to third Arthur Carlisi scores
|
|
Pitching: LHP Carlos A Diaz
|
|
|
Pinch Hitting: RHB Stanley Baker
|
0-0: Ball 1-0: Swinging Strike 1-1: Reached on error, E4 (Groundball, 4M, EV 88.1 MPH) Jim Bishop scores
|
|
Batting: RHB Jay Greb
|
0-0: SINGLE (Line Drive, 4M, EV 95.0 MPH) Stanley Baker to third
|
|
Batting: RHB Johnny Evans
|
0-0: Fly out, F7 (Line Drive, 78M, EV 88.8 MPH)
|
|
Batting: RHB Lindon Duncan
|
0-0: Fly out, F4 (Popup, 4D, EV 43.8 MPH)
|
| Bottom of the 9th over - 2 runs, 2 hits, 1 error, 2 left on base; Dunedin 6 - Fort Myers 5 |
|